 Dungeon Crawl Stone Soup version 0.16.1-28-gcc2312f (webtiles) character file.

125 Kidiri the Magician (level 4, -1/35 HPs)
             Began as a Draconian Wizard on May 28, 2015.
             Slain by Natasha (6 damage)
             ... on level 2 of the Dungeon.
             The game lasted 00:20:38 (3615 turns).

Kidiri the Magician (Draconian Wizard)              Turns: 3615, Time: 00:20:38

Health: -1/35      AC:  9    Str:  9    XL:     4   Next: 82%
Magic:  0/10       EV: 12    Int: 19    God:
Gold:   82         SH:  0    Dex: 10    Spells: 5 memorised, 1 level left

rFire  + . .     SeeInvis .     l - +0 dagger
rCold  . . .     Clarity  .     (armour unavailable)
rNeg   . . .     SustAb   .     (no shield)
rPois  .         Gourm    .     b - +1 hat
rElec  .         Spirit   .     f - +2 cloak
rCorr  .         Warding  .     (no gloves)
rMut   .         Stasis   .     (no boots)
MR     .....                    (no amulet)
Stlth  ++........               (no ring)
                                i - ring of protection from fire

@: slowed, very slow, not resistant to hostile enchantments, unstealthy
A: unfitting armour, cold-blooded, AC +5
a: no special abilities


You were on level 2 of the Dungeon.
You were hungry.

You visited 1 branch of the dungeon, and saw 3 of its levels.

You collected 82 gold pieces.

Inventory:

Hand weapons
 l - a +0 dagger (weapon)
Armour
 b - a +1 hat (worn)
 f - a +2 cloak (worn)
Jewellery
 i - a ring of protection from fire (left hand)
Scrolls
 g - 3 scrolls of teleportation
 j - a scroll of identify
 k - a scroll of recharging
Books
 c - a book of Minor Magic

   Spells                             Type                      Level
   a - Magic Dart                     Conjuration                  1
   b - Blink                          Translocation                2
   c - Call Imp                       Summoning                    2
   d - Repel Missiles                 Charms/Air                   2
   e - Slow                           Hexes                        2
   f - Conjure Flame                  Conjuration/Fire             3
   g - Mephitic Cloud                 Conjuration/Poison/Air       3
Comestibles
 a - a slice of pizza
 d - a bread ration


   Skills:
 + Level 1.2 Fighting
 + Level 2.1 Dodging
 + Level 2.3 Stealth
 * Level 3.5 Spellcasting
 + Level 1.7 Conjurations
 * Level 0.1 Hexes
 + Level 1.2 Charms
 + Level 1.5 Summonings
 + Level 1.4 Translocations
 * Level 1.0 Air Magic


You had one spell level left.
You knew the following spells:

 Your Spells              Type           Power        Failure   Level  Hunger
a - Magic Dart            Conj           #...         10%         1    None
b - Blink                 Tloc           N/A          14%         2    ##.....
c - Call Imp              Summ           #.......     14%         2    ##.....
d - Repel Missiles        Chrm/Air       #.....       14%         2    ##.....
e - Slow                  Hex            #.......     21%         2    ##.....


Dungeon Overview and Level Annotations

Branches:
Dungeon (3/15)

Altars:
Okawaru
Vehumet

Annotations:
D:2 Natasha


Innate Abilities, Weirdness & Mutations

Your plain brown scales are hard (AC +5).
Your body does not fit into most forms of armour.
Your cold-blooded metabolism reacts poorly to cold.


Message History

Casting: Magic Dart
Confirm with . or Enter, or press ? or * to list all spells.
You blink.
Natasha mumbles some strange words.
That item cannot be evoked!
Your magical contamination has completely faded away.
Natasha claws you but does no damage. Natasha misses you.
Natasha closely misses you.
Natasha stares at you and mumbles some strange words.
The magic dart hits you!
* * * LOW HITPOINT WARNING * * *
Casting: Blink
Confirm with . or Enter, or press ? or * to list all spells.
Aiming: Magic Dart
Press: ? - help, Shift-Dir - straight line, f/p - Natasha
Aim: Natasha (heavily wounded)
The magic dart hits Natasha.
Natasha is heavily wounded.
Natasha claws you.
You die...

#.ยง........## #
#.###.......##### #
#....5####......# #
#####....#..###.# #
#..#.....[#.#########
#.......#.#.##.......
#.........)........#.
##..h#########.##..#.
###@# #5##.... #.#
######.###.#. #.#
#......###... #.#
#............ #.#
#>....####.## ####.#
#.......##.## #.<..#
#.....#)##.## #.####
#..)..#.##.## #.#
#.....#.##...


You could see Natasha and a shadow imp.

Vanquished Creatures
  3 adders (D:2)
  3 gnolls (D:2)
  A giant gecko (D:2)
  An ooze (D:2)
  2 ball pythons
  4 giant cockroaches
  5 goblins
  A hobgoblin (D:1)
  4 kobolds
  3 bats
  2 giant newts (D:2)
  8 rats
37 creatures vanquished.

Vanquished Creatures (collateral kills)
  3 gnolls (D:2)
  2 adders (D:2)
  A worm (D:2)
  An ooze (D:2)
  A ball python (D:3)
  A hobgoblin (D:2)
  A rat (D:2)
10 creatures vanquished.

Vanquished Creatures (others)
  A crimson imp (D:2)
  A shadow imp (D:3)
  2 white imps (D:2)
4 creatures vanquished.

Grand Total: 51 creatures vanquished

Notes
Turn   | Place    | Note
--------------------------------------------------------------
     0 | D:1      | Kidiri, the Draconian Wizard, began the quest for the Orb.
     0 | D:1      | Reached XP level 1. HP: 14/14 MP: 4/4
   583 | D:1      | Reached XP level 2. HP: 20/22 MP: 0/6
   587 | D:1      | Learned a level 2 spell: Blink
   590 | D:1      | Learned a level 2 spell: Call Imp
   593 | D:1      | Learned a level 2 spell: Repel Missiles
  1467 | D:2      | Reached XP level 3. HP: 27/27 MP: 4/7
  1797 | D:2      | Found an iron altar of Okawaru.
  2025 | D:2      | Reached skill level 1 in Charms
  2056 | D:2      | Reached XP level 4. HP: 17/34 MP: 0/9
  2495 | D:2      | Reached skill level 1 in Fighting
  2825 | D:2      | Found a radiant altar of Vehumet.
  2840 | D:2      | Learned a level 2 spell: Slow
  3212 | D:3      | Noticed Natasha
  3425 | D:2      | Reached skill level 1 in Air Magic
  3615 | D:2      | Slain by Natasha

Action                   |  1- 3 |  4- 6 || total
-------------------------+-------+-------++-------
Melee: Whip              |    34 |       ||    34
       Unarmed           |     1 |       ||     1
       Dagger            |    18 |    27 ||    45
 Cast: Magic Dart        |    74 |    46 ||   120
       Call Imp          |     4 |    12 ||    16
       Blink             |       |     7 ||     7
  Use: Scroll            |     5 |       ||     5
       Potion            |       |     2 ||     2
  Eat: Chunk             |     3 |     1 ||     4
       Bread ration      |       |     1 ||     1
